 Dungeon Crawl Stone Soup version 0.27.1-33-g824d729ab1 (webtiles) character file.

Game seed: 5405132053354429412

3227 KamiKatze the Shield-Bearer (level 9, -3/74 HPs)
             Began as a Demigod Fighter on Dec 13, 2021.
             Splashed by an acid dragon's acid (10 damage)
             ... on level 7 of the Dungeon on Dec 14, 2021.
             The game lasted 00:29:01 (7862 turns).

KamiKatze the Shield-Bearer (Demigod Fighter)       Turns: 7862, Time: 00:29:02

Health: -3/74      AC:  0    Str: 29    XL:     9   Next: 39%
Magic:  11/11      EV: 11    Int: 10    God:
Gold:   216        SH: 12    Dex: 19    Spells: 8/8 levels left

rFire    . . .     SeeInvis .   a - +0 war axe
rCold    . . .     Faith    .   c - +0 kite shield
rNeg     . . .     Spirit   .   b - +0 scale mail
rPois    .         Reflect  .   F - +2 helmet
rElec    .         Harm     .   (no cloak)
rCorr    .         Rampage  .   (no gloves)
Will     +....                  h - +0 pair of boots
Stlth    ..........             y - amulet of the acrobat
HPRegen  0.22/turn              s - ring of willpower
MPRegen  0.12/turn              B - +6 ring of dexterity

@: corroded
A: high mp 1, forlorn
a: no special abilities


You were on level 7 of the Dungeon.
You visited 2 branches of the dungeon, and saw 8 of its levels.

You collected 244 gold pieces.
You spent 28 gold pieces at shops.

Inventory:

Hand Weapons
 a - a +0 war axe (weapon)
 w - a +0 morningstar
Missiles
 f - 190 stones
 g - 6 boomerangs
 l - 27 poisoned darts (quivered)
 u - a curare-tipped dart
 H - 2 throwing nets
Armour
 b - a +0 scale mail (worn)
 c - a +0 kite shield (worn)
 h - a +0 pair of boots (worn)
 F - a +2 helmet (worn)
Jewellery
 s - a ring of willpower (left hand)
 y - an amulet of the acrobat (around neck)
 A - an amulet of magic regeneration
 B - a +6 ring of dexterity (right hand)
 G - a ring of fire
Wands
 n - a wand of charming (10)
 v - a wand of digging (5)
 C - a wand of iceblast (5)
Scrolls
 k - 3 scrolls of enchant weapon {unknown}
 o - 3 scrolls of teleportation {unknown}
 p - 5 scrolls of identify
 q - a scroll of blinking {unknown}
 r - a scroll of fear {unknown}
 t - a scroll of fog {unknown}
 D - a scroll of enchant armour {unknown}
 E - a scroll of acquirement {unknown}
Potions
 d - a potion of might
 e - a potion of cancellation
 i - a potion of brilliance
 j - a potion of invisibility {unknown}
 m - 4 potions of attraction {unknown}
 x - 2 potions of degeneration {unknown}
 z - a potion of haste {unknown}


   Skills:
 + Level 5.4 Fighting
 * Level 6.7 Axes
 - Level 1.0 Throwing
 + Level 5.3 Armour
 + Level 4.3 Dodging
 * Level 7.1 Shields
 + Level 1.6 Evocations


You had 8 spell levels left.
You didn't know any spells.
Your spell library contained the following spells:

 Spells                   Type           Power      Damage    Failure   Level
 Animate Skeleton         Necr           0%         N/A       91%         1
 Apportation              Tloc           0%         N/A       91%         1
 Corona                   Hex            0%         N/A       91%         1
 Freeze                   Ice            0%         1d3       91%         1
 Summon Small Mammal      Summ           0%         N/A       91%         1
 Blink                    Tloc           N/A        N/A       97%         2
 Dazzling Flash           Conj/Hex       0%         N/A       99%         3
 Frozen Ramparts          Ice            0%         1d2       99%         3
 Lesser Beckoning         Tloc           0%         N/A       99%         3
 Animate Dead             Necr           0%         N/A       100%        4
 Hailstorm                Conj/Ice       0%         3d3       100%        4
 Ice Form                 Ice/Tmut       0%         N/A       100%        4
 Iskenderun's Mystic Bla  Conj/Tloc      0%         2d3       100%        4
 Borgnjor's Vile Clutch   Necr/Erth      0%         N/A       100%        5
 Fireball                 Conj/Fire      0%         3d3       100%        5
 Iskenderun's Battlesphe  Conj           0%         2d6       100%        5
 Manifold Assault         Tloc           0%         N/A       100%        5
 Conjure Ball Lightning   Conj/Air       0%         3x3d6     100%        6
 Death Channel            Necr           0%         N/A       100%        6
 Simulacrum               Ice/Necr       0%         N/A       100%        6
 Starburst                Conj/Fire      0%         6d3       100%        6
 Orb of Destruction       Conj           0%         N/A       100%        7


Dungeon Overview and Level Annotations

Branches:
Dungeon (7/15)             Temple (1/1) D:6

Shops:
D:5 *[?   D:6 *

Annotations:
D:7 2 runed translucent doors, exclusion: 2 doors


Innate Abilities, Weirdness & Mutations

Your attributes grow dramatically as you level up.
You have an increased reservoir of magic. (+10% MP)
You shall have no god before yourself.


Message History

The acid dragon barely misses you. You block the acid dragon's attack.
The acid dragon spits acid at you. The splash of acid hits you.
The acid corrodes you!
You are splashed with acid!
You closely miss the acid dragon.
The acid dragon is severely wounded.
The acid dragon barely misses you. You block the acid dragon's attack.
You closely miss the acid dragon.
The acid dragon is severely wounded.
The acid dragon closely misses you. x2
You hit the acid dragon but do no damage.
The acid dragon is severely wounded.
You block the acid dragon's attack. The acid dragon barely misses you.
You closely miss the acid dragon.
The acid dragon is severely wounded.
The acid dragon spits acid at you. The splash of acid hits you!
The acid corrodes you!
You are splashed with acid!
* * * LOW HITPOINT WARNING * * *
The acid dragon bites you but does no damage.
You block the acid dragon's attack.
You hit the acid dragon.
The acid dragon is almost dead.
The acid dragon bites you.
* * * LOW HITPOINT WARNING * * *
The acid dragon claws you.
* * * LOW HITPOINT WARNING * * *
You hit the acid dragon.
The acid dragon is almost dead.
The acid dragon bites you!
* * * LOW HITPOINT WARNING * * *
The acid dragon claws you but does no damage.
You hit the acid dragon but do no damage.
The acid dragon is almost dead.
The acid dragon bites you.
* * * LOW HITPOINT WARNING * * *
You block the acid dragon's attack. The acid dragon spits acid at you.
The splash of acid hits you!
* * * LOW HITPOINT WARNING * * *
The acid corrodes you!
You are splashed with acid!
You die...

#.# #.##.# #..# #.# #.##.#
#..# #.# #.##.## #..# #.#
#.#...# #..#
#.########.#.#.###..#
#......>........##..#
####....####........#######
#.####.8####.........#..
###..).@D..##.###.#....#
#..8#..#8..#.# #......#
#.###+####.#.###.......
#'#$[$)[[#+##..........
#.########.#####.......
#..8#.|#8..#.####.....#
##..'..').##..........#
####8)####......†....#
##'#.............##


You could see an acid dragon (catching breath).

Vanquished Creatures
  Pikel (D:5)
  A gargoyle (D:7)
  Grinder (D:5)
  A yak (D:7)
  Eustachio (D:6)
  A water moccasin (D:7)
  A black bear (D:6)
  An ice beast (D:7)
  A sky beast (D:7)
  2 ogres
  A lemure (D:4)
  A centaur (D:6)
  A phantom (D:6)
  2 kobold brigands (D:7)
  A bullfrog (D:5)
  A gnoll sergeant (D:7)
  A scorpion (D:4)
  A wyvern zombie (D:7)
  A wyvern skeleton (D:7)
  A water moccasin skeleton (D:4)
  2 howler monkeys (D:7)
  A jelly (D:5)
  3 hounds
  A centaur skeleton (D:5)
  2 orc wizards
  Natasha (thrice) (D:3)
  3 iguanas
  2 killer bee zombies
  3 hound skeletons (D:5)
  6 adders
  6 gnolls
  A howler monkey skeleton (D:7)
  A shadow imp (D:5)
  A white imp (D:6)
  3 worms
  5 dart slugs
  18 orcs
  7 ball pythons
  6 bats
  6 endoplasms
  2 giant cockroaches
  11 goblins
  7 hobgoblins
  4 jackals (D:4)
  4 quokkas
  5 frilled lizards
  18 kobolds
  5 rats
158 creatures vanquished.

Notes
Turn   | Place    | Note
-------+----------+-------------------------------------------
     0 | D:1      | KamiKatze the Demigod Fighter began the quest for the Orb.
     0 | D:1      | Reached XP level 1. HP: 18/18 MP: 3/3
   122 | D:1      | Reached XP level 2. HP: 18/25 MP: 4/4
   328 | D:1      | Reached skill level 3 in Shields
   833 | D:2      | Reached XP level 3. HP: 20/30 MP: 5/5
  1294 | D:2      | You fall into a shaft and drop 1 floor!
  1433 | D:3      | Noticed Natasha
  1440 | D:3      | Killed Natasha
  1441 | D:3      | Reached skill level 1 in Dodging
  1441 | D:3      | Reached XP level 4. HP: 15/38 MP: 6/6
  2110 | D:3      | Noticed Natasha
  2122 | D:3      | Killed Natasha
  2474 | D:3      | Reached XP level 5. HP: 45/45 MP: 7/7
  2567 | D:3      | Noticed Natasha
  2715 | D:3      | Killed Natasha
  3425 | D:4      | Reached skill level 4 in Shields
  3425 | D:4      | Reached XP level 6. HP: 46/51 MP: 8/8
  4192 | D:5      | Entered Level 5 of the Dungeon
  4427 | D:5      | Found Xuth's Assorted Antiques.
  4446 | D:5      | Bought a scroll labelled AZESTO FAMU for 28 gold pieces
  4459 | D:5      | Reached skill level 1 in Throwing
  4595 | D:5      | Reached XP level 7. HP: 31/58 MP: 9/9
  4868 | D:5      | Found Gapranets's Antique Armour Shop.
  4919 | D:5      | Found Koidgh's Magic Scroll Boutique.
  4919 | D:5      | Noticed Grinder
  4924 | D:5      | Paralysed by Grinder for 2 turns
  4930 | D:5      | Killed Grinder
  5116 | D:5      | Noticed Pikel
  5284 | D:5      | Killed Pikel
  5285 | D:5      | Reached skill level 5 in Axes
  5285 | D:5      | Reached skill level 5 in Shields
  5285 | D:5      | Reached XP level 8. HP: 67/67 MP: 10/10
  5459 | D:6      | Found Xuasoser's General Store.
  5568 | D:6      | Found a staircase to the Ecumenical Temple.
  5707 | D:6      | Reached skill level 6 in Shields
  5718 | Temple   | Entered the Ecumenical Temple
  6025 | D:6      | Noticed Eustachio
  6030 | D:6      | Killed Eustachio
  6763 | D:7      | Reached skill level 5 in Fighting
  6767 | D:7      | Reached skill level 5 in Armour
  6794 | D:7      | Found a large runed translucent door.
  6795 | D:7      | Found a large runed translucent door.
  6832 | D:7      | Noticed a manticore
  6998 | D:7      | Reached XP level 9. HP: 53/74 MP: 11/11
  7288 | D:7      | Reached skill level 1 in Evocations
  7683 | D:7      | Noticed a gargoyle
  7695 | D:7      | Killed a gargoyle
  7696 | D:7      | Reached skill level 7 in Shields
  7862 | D:7      | Splashed by an acid dragon's acid

Illustrated notes

Levels and vault maps discovered:
D:1:      shiori_arrival_maze, layout_rooms
D:2:      layout_basic, basic_altar
D:3:      minmay_general_purpose_star, layout_loops_ring,
          kiku_gazebo_pond_becter, uniq_natasha
D:4:      layout_loops_corners, grunt_temple_overflow_opulence, minmay_between
D:5:      layout_cave_pools, fiery_altar_vehumet, serial_shops,
          kennysheep_mini_moat, nicolae_shop_crystal, nicolae_shop_trees,
          uniq_pikel, uniq_grinder
D:6:      layout_basic, temple_statues, serial_shops, shop, uniq_eustachio
D:7:      minmay_chambers_of_sixes, layout_loops_ring, old_standard_altar,
          jmf_multi_god_temple2
Temple:   oiseaux_autumnal_temple

Skill      XL: |  1  2  3  4  5  6  7  8  9 |
---------------+----------------------------+-----
Axes           | 2 3 4 5 6 |  6.7
Shields        | 3 4 5 6 7 |  7.1
Fighting       | 3 4 5 |  5.4
Armour         | 3 4 5 |  5.3
Dodging        | 1 2 3 4 |  4.3
Throwing       | 1 |  1.0
Evocations     | 1 |  1.6

Action                   |  1- 3 |  4- 6 |  7- 9 || total
-------------------------+-------+-------+-------++-------
Melee: War axe           |   119 |   234 |   226 ||   579
Throw: Stone             |     6 |    14 |       ||    20
       Dart              |       |     6 |     2 ||     8
       Boomerang         |       |       |     4 ||     4
Evoke: Wand              |       |       |    11 ||    11
  Use: Potion            |     2 |       |       ||     2
       Scroll            |       |     1 |       ||     1
Armor: Scale mail        |    61 |   114 |    58 ||   233
Dodge: Dodged            |    33 |    79 |    93 ||   205
Block: Kite shield       |    76 |   136 |   138 ||   350
